Map: Écho EC

Players

Otsegoflesh - Winner!

  • Race: Terran Terran

AgCl

  • Race: Protoss Protoss

VOD

Have the link to the VOD?

Description

Time

  • Played on: May 10, 2015, 6:26 p.m.
  • Length: 7:45
Show
View Real Time Build Order
Export as new Build Order

Otsegoflesh Terran - Winner!

Build Orders:  

Get SALT Encoding   

  12  0:00  SCV  
  13  0:13  SCV  
  14  0:17  Supply Depot  
  14  0:25  SCV  
  15  0:29  Refinery  
  15  0:39  SCV  
  16  0:44  Barracks  
  16  0:51  SCV  
  17  1:03  SCV  
  18  1:15  SCV  
  19  1:31  Orbital Command  
  19  1:33  Factory, Marine  
  20  1:45  Supply Depot  
  20  1:51  Barracks Reactor  
  20  2:04  SCV  
  21  2:11  Command Center  
  21  2:16  SCV  
  21  2:17  Widow Mine  
  23  2:28  SCV, Marine x2  
  26  2:40  SCV  
  27  2:48  Marine, Widow Mine  
  27  2:49  Marine  
  31  3:05  Bunker  
  31  3:09  Barracks  
  31  3:11  Barracks  
  31  3:22  Marine x2  
  31  3:23  SCV  
  31  3:24  Orbital Command  
  34  3:28  Factory Tech Lab  
  34  3:35  SCV  
  34  3:39  Refinery  
  35  3:44  Refinery, Marine x2  
  35  3:47  Engineering Bay  
  37  3:53  SCV x2  
  37  3:54  Missile Turret  
  39  3:57  Barracks Tech Lab  
  39  4:00  Barracks Reactor  
  39  4:07  Factory Reactor  
  39  4:08  Starport  
  39  4:25  SCV x2  
  39  4:27  Marine x2  
  39  4:29  Stimpack, Marine  
  39  4:31  Terran Infantry Weapons Level 1  
  44  4:33  Supply Depot  
  44  4:36  Supply Depot  
  44  4:38  Marine x2  
  46  4:50  Supply Depot  
  46  4:54  Marine x2  
  46  4:55  SCV x2, Marauder  
  46  4:56  Medivac  
  54  5:00  Medivac  
  54  5:01  Marine  
  54  5:02  Marine  
  58  5:07  SCV x2  
  58  5:12  Supply Depot  
  60  5:17  Marauder, Marine  
  60  5:18  Marine  
  60  5:20  Widow Mine  
  66  5:25  SCV  
  67  5:33  Marine x2  
  67  5:34  Medivac x2  
  73  5:39  SCV x2  
  73  5:40  Marine  
  73  5:41  Marine x2  
  78  5:53  Engineering Bay  
  78  5:57  Armory  
  78  6:00  SCV x2  
  78  6:02  Supply Depot  
  78  6:03  Marine x4  
  84  6:20  Marauder  
  84  6:23  Marine x4  
  90  6:27  Supply Depot  
  90  6:30  SCV x2  
  92  6:44  Viking x2  
  92  6:45  Marine x2  
  94  6:48  Marine  
  95  7:09  Marine  
  95  7:10  Marine x4  
  100  7:21  Missile Turret x2  
Show
View Real Time Build Order
Export as new Build Order

AgCl Protoss 

Build Orders: Oracle Opening, Oracle Opening 

Get SALT Encoding   

  12  0:22  Pylon  
  12  0:23  Probe (Chrono Boost)  
  13  0:30  Assimilator  
  14  0:35  Probe (Chrono Boost)  
  15  0:43  Probe (Chrono Boost)  
  15  0:48  Gateway  
  15  0:52  Probe  
  16  1:04  Probe  
  17  1:16  Probe (Chrono Boost), Pylon  
  18  1:29  Probe (Chrono Boost)  
  19  1:36  Probe (Chrono Boost)  
  19  1:39  Zealot (Chrono Boost)  
  22  1:44  Cybernetics Core  
  22  1:46  Probe  
  23  1:48  Assimilator  
  23  1:58  Probe  
  23  2:10  Probe (Chrono Boost)  
  24  2:20  Probe (Chrono Boost)  
  24  2:21  Pylon  
  25  2:25  Stargate  
  25  2:27  Probe, Warp Gate  
  26  2:39  Mothership Core  
  28  3:00  Probe  
  27  3:06  Nexus  
  27  3:09  Oracle (Chrono Boost)  
  30  3:12  Probe (Chrono Boost)  
  31  3:22  Forge  
  31  3:25  Probe (Chrono Boost)  
  32  3:28  Pylon  
  32  3:34  Probe (Chrono Boost)  
  33  3:42  Probe  
  34  3:54  Probe (Chrono Boost)  
  35  3:56  Photon Cannon  
  35  4:01  Photon Cannon  
  35  4:06  Probe (Chrono Boost)  
  36  4:14  Probe (Chrono Boost)  
  37  4:23  Probe (Chrono Boost)  
  39  4:27  Assimilator  
  39  4:29  Probe (Chrono Boost), Assimilator  
  39  4:33  Probe (Chrono Boost)  
  39  4:36  Probe (Chrono Boost)  
  41  4:40  Probe, Fleet Beacon  
  42  4:47  Probe  
  42  4:52  Probe  
  44  5:01  Carrier (Chrono Boost)  
  44  5:03  Probe  
  44  5:04  Probe  
  44  5:05  Nexus  
  46  5:08  Pylon  
  46  5:16  Probe x2 (Chrono Boost)  
  48  5:26  Probe (Chrono Boost)  
  48  5:27  Probe (Chrono Boost)  
  56  5:33  Probe x2 (Chrono Boost)  
  56  5:34  Photon Cannon  
  58  5:44  Probe  
  58  5:45  Probe  
  60  5:50  Graviton Catapult (Chrono Boost)  
  60  5:51  Protoss Air Weapons Level 1 (Chrono Boost)  
  60  5:56  Probe  
  61  5:57  Probe, Stargate  
  61  5:58  Pylon  
  62  6:08  Probe  
  62  6:09  Probe  
  64  6:14  Pylon  
  64  6:15  Pylon  
  55  6:19  Probe  
  55  6:20  Probe  
  55  6:25  Probe  
  58  6:27  Photon Cannon  
  58  6:31  Probe, Pylon  
  59  6:43  Assimilator x2  
  59  6:45  Probe  
  60  6:49  Probe  
  60  6:51  Pylon  
  67  7:03  Probe (Chrono Boost)  
  67  7:04  Probe (Chrono Boost)  
  67  7:07  Probe (Chrono Boost)  
  70  7:13  Probe (Chrono Boost)  
  73  7:15  Probe (Chrono Boost)  
  73  7:16  Probe (Chrono Boost)  
  73  7:21  Probe (Chrono Boost)  
  82  7:23  Probe (Chrono Boost)  
  82  7:27  Twilight Council  
  82  7:28  Probe  
  82  7:36  Pylon  
Tags
 
Add a new tag
Caveats
  • Supply blocks, unpowered buildings, or Contaminate may cause inaccurate times.
  • Supply counts are checked every 10 seconds.